 Dungeon Crawl Stone Soup version 0.30-a0-168-g0b976cbdc4 (webtiles) character file.

Game seed: 13355581183587493560

38277 qw the Severer (level 14, -7/81 HPs)
             Began as a Gargoyle Fighter on Sept 29, 2022.
             Was a High Priest of Okawaru.
             Mangled by a sun demon (16 damage)
             ... summoned by an obsidian statue
             ... on level 5 of the Lair of Beasts.
             The game lasted 00:06:39 (15622 turns).

qw the Severer (Gargoyle Fighter)                  Turns: 15622, Time: 00:06:39

Health: -7/81      AC: 18    Str: 25    XL:     14   Next: 1%
Magic:  21/21      EV:  9    Int:  9    God:    Okawaru [*****.]
Gold:   674        SH:  6    Dex:  9    Spells: 13/13 levels left

rFire   . . .      SeeInvis .    Y - +0 broad axe (flame)
rCold   . . .      Faith    .    c - +0 buckler
rNeg    + . .      Spirit   .    u - +2 plate armour
rPois   inf        Reflect  .    j - +0 helmet
rElec   +          Harm     .    v - scarf {repulsion}
rCorr   .          Rampage  .    t - +2 pair of gloves
Will    +....                    e - +2 pair of boots
Stlth   ..........               h - amulet of regeneration
HPRegen 1.03/turn                (no ring)
MPRegen 0.17/turn                (no ring)

@: about to teleport, heroic, corroded, flying, mesmerised, repel missiles
A: sickness immunity, AC +10, big wings, negative energy resistance 1,
electricity resistance, torment resistance 1, petrification resistance, frail 1
a: Renounce Religion, Heroism, Finesse, Duel


You were on level 5 of the Lair of Beasts.
You worshipped Okawaru.
Okawaru was extremely pleased with you.
You visited 3 branches of the dungeon, and saw 17 of its levels.
You also visited: Sewer.

You collected 1143 gold pieces.
You spent 469 gold pieces at shops.


Innate Abilities, Weirdness & Mutations

You are immune to sickness and miasma.
Your stone body is resilient. (AC +10)
You are immune to poison.
Your large and strong wings let you fly.
You resist negative energy. (rN+)
You are resistant to electric shocks. (rElec)
You are resistant to unholy torment.
You are immune to petrification.
You are frail. (-10% HP)


   Skills:
 - Level 11.0(16.0) Fighting
 - Level 15.0(20.0) Axes
 - Level 4.0(9.0) Throwing
 + Level 10.0(15.0) Armour
 - Level 2.1(7.1) Dodging
 - Level 7.2(12.2) Shields
 - Level 10.0 Invocations


You had 13 spell levels left.
You didn't know any spells.
Your spell library was empty.

Inventory:

Hand Weapons
 Y - a +0 broad axe of flaming (weapon)
Missiles
 r - 7 boomerangs
 s - a javelin (quivered)
Armour
 c - a +0 buckler (worn)
 e - a +2 pair of boots (worn)
 j - a +0 helmet (worn)
 q - +0 acid dragon scales
 t - a +2 pair of gloves (worn)
 u - a +2 plate armour (worn)
 v - a scarf of repulsion (worn)
 w - a +2 cloak of stealth
Jewellery
 h - an amulet of regeneration (around neck)
Wands
 b - a wand of digging (5)
Scrolls
 a - 11 scrolls of identify
 f - 4 scrolls of teleportation
Potions
 d - 6 potions of might
 i - a potion of attraction
 k - 3 potions of haste
 l - 3 potions of heal wounds
 m - a potion of magic
 n - 2 potions of resistance
 o - 10 potions of curing
 p - a potion of lignification

Dungeon Overview and Level Annotations

Branches:
Dungeon (11/15)            Temple (1/1) D:6            Lair (5/5) D:11
 Shoals (0/4) Lair:3        Snake (0/4) Lair:3        Slime (0/5) Lair:5
    Orc (0/2) D:10          Sewer (visited)

Altars:
Ashenzari
Cheibriados
Dithmenos
Elyvilon
Fedhas
Gozag
Hepliaklqana
Kikubaaqudgha
Makhleb
Nemelex Xobeh
Okawaru
Qazlal
Ru
Sif Muna
Trog
Uskayaw
Vehumet
Wu Jian
Xom
Yredelemnul
Zin
The Shining One

Shops:
D:8 !   D:10 *

Portals:
Bailey: D:10

Annotations:
D:2 1 runed translucent door, Crazy Yiuf
Lair:5 1 runed translucent door


Message History

You are mesmerised by the obsidian statue!
The orange demon barely misses you. The orange demon hits you.
You block the sun demon's attack.
You hit the sun demon but do no damage. You hit the orange demon.
You burn the orange demon. You hit the orange demon. You burn the orange demon.
The orange demon is lightly wounded.
You miss the sun demon.
The orange demon stings you but does no damage.
The orange demon hits you but does no damage.
You hit the orange demon. You burn the orange demon.
The orange demon is moderately wounded.
You closely miss the sun demon. The sun demon hits you!
You are engulfed in flames!
You hit the orange demon but do no damage.
The orange demon is moderately wounded.
You hit the sun demon. You slice the orange demon!! You burn the orange demon!
The orange demon is severely wounded.
You hit the sun demon but do no damage. The orange demon stings you.
You block the orange demon's attack. The sun demon hits you!
You are engulfed in flames!
15620 ||| READING 5 scrolls of teleportation.
As you read the scroll of teleportation, it crumbles to dust.
You feel strangely unstable.
Your hands slow down.
The sun demon hits you but does no damage.
The orange demon stings you but does no damage.
The orange demon closely misses you.
You barely miss the orange demon.
The orange demon is severely wounded.
You closely miss the sun demon. You block the sun demon's attack.
The orange demon stings you but does no damage.
You block the orange demon's attack.
You hit the orange demon. You burn the orange demon.
The orange demon is almost dead.
You hit the sun demon but do no damage. The sun demon hits you!!
You are engulfed in flames!
You die...

##### ###.#(###77
#.........77
##........@37
#..#..#.#..44.#
#######''#++####775..#
~.##8....# 787#
~..'....P# +##
~~P#8.#### ## ~~.####
# ~~~# ~###


You could see an obsidian statue (mesmerising), a sun demon (summoned), an
orange demon (summoned), a chaos spawn (summoned) and an ufetubus (summoned).

Vanquished Creatures
  A fire giant (D:11)
  Nessos (Lair:3)
  4 hydras
  2 two-headed ogres (D:11)
  A catoblepas (Lair:4)
  2 tengu warriors (D:11)
  3 death yaks (D:11)
  Urug (Lair:1)
  A spectral death yak (Lair:5)
  A spectral anaconda (Lair:5)
  An ugly thing (D:11)
  2 cyclopes (D:11)
  A manticore (D:11)
  6 elephants (Lair:5)
  5 black mambas
  Joseph (D:8)
  A merfolk siren (Lair:3)
  7 cane toads
  Maggie (D:9)
  Psyche (D:8)
  5 komodo dragons
  2 rime drakes
  3 kobold demonologists (D:11)
  4 polar bears
  A hornet (D:10)
  3 blink frogs (Lair:5)
  Prince Ribbit (D:8)
  Grinder (D:4)
  38 yaks
  A shadow (D:11)
  2 wraiths
  A vampire (D:10)
  3 wyverns
  Eustachio (D:6)
  A steam dragon (D:8)
  4 basilisks
  3 vampire mosquitoes (D:10)
  4 nagas (Lair:3)
  A spectral cane toad (Lair:5)
  2 acid dragons
  10 water moccasins
  4 sky beasts (D:7)
  2 orc warriors
  3 black bears
  6 wolves (Lair:5)
  3 ogres
  3 centaurs
  A phantom (D:4)
  5 kobold brigands
  12 bullfrogs
  A necrophage (D:6)
  2 gnoll sergeants
  2 scorpions (D:6)
  11 wights
  3 killer bees (D:9)
  6 howler monkeys
  8 electric eels
  2 centaur zombies (D:8)
  5 hounds
  A jelly (D:8)
  2 gnoll boudas (D:5)
  4 orc priests
  3 iguanas
  5 orc wizards
  A killer bee zombie (D:8)
  2 howler monkey zombies (D:8)
  19 gnolls
  13 adders
  5 river rats (Sewer)
  3 shadow imps (D:7)
  4 white imps
  An ufetubus (D:6)
  A worm (D:4)
  2 dart slugs
  40 orcs
  11 endoplasms
  2 giant cockroaches
  7 goblins
  5 hobgoblins
  2 jackals (D:4)
  9 kobolds
  4 quokkas
  15 ball pythons
  4 bats
  5 frilled lizards
  23 rats
  A spectral orc (D:7)
  A butterfly (D:8)
408 creatures vanquished.

Vanquished Creatures (others)
  6 fungi
  41 plants
  6 withered plants (Lair:5)
53 creatures vanquished.

Grand Total: 461 creatures vanquished

Notes
Turn   | Place    | Note
-------+----------+-------------------------------------------
     0 | D:1      | qw the Gargoyle Fighter began the quest for the Orb.
     0 | D:1      | Reached XP level 1. HP: 14/14 MP: 1/1
     0 | D:1      | 0 ||| qw: Version: 0.2-a-12-gaebbb33
     0 | D:1      | 0 ||| qw: Game counter: 1097
     0 | D:1      | 0 ||| qw: Always use a shield: true
     0 | D:1      | 0 ||| qw: God list: Okawaru
     0 | D:1      | 0 ||| qw: Allow faded altars: false
     0 | D:1      | 0 ||| qw: Do Orc after D:15 true
     0 | D:1      | 0 ||| qw: Do second Lair branch before Depths: true
     0 | D:1      | 0 ||| qw: Lair rune preference: random
     0 | D:1      | 0 ||| qw: Plans: Normal, Zot:1-4, God:TSO, Crypt, Tomb,
                  | Pan, Slime:5, Hells, Abyss, Orb
     0 | D:1      | 0 ||| PLANNING D:1-11
    64 | D:1      | Reached skill level 2 in Axes
   249 | D:1      | 249 ||| Stepping ~*~*~tactically~*~*~ (stealth).
   288 | D:1      | Reached XP level 2. HP: 19/19 MP: 2/2
   866 | D:1      | 866 ||| Stepping ~*~*~tactically~*~*~ (hiding).
   874 | D:1      | Reached skill level 3 in Axes
  1003 | D:1      | 1003 ||| UPGRADING to amulet of regeneration.
  1008 | D:1      | 1008 ||| DROPPING ring of magical power.
  1009 | D:1      | 1009 ||| READING scroll labelled NEMUETTICSO.
  1010 | D:1      | 1010 ||| READING scroll labelled LESTRO DOZE.
  1011 | D:1      | 1011 ||| READING scroll labelled AMIXTE QIRITA.
  1043 | D:2      | Found a runed translucent door.
  1044 | D:2      | Noticed Crazy Yiuf
  1094 | D:2      | Reached XP level 3. HP: 23/23 MP: 3/3
  1540 | D:2      | You fall into a shaft and drop 1 floor!
  1550 | D:3      | 1550 ||| Stepping ~*~*~tactically~*~*~ (stealth).
  1551 | D:3      | 1551 ||| Stepping ~*~*~tactically~*~*~ (stealth).
  1607 | D:3      | 1607 ||| UPGRADING to +0 chain mail.
  1617 | D:3      | 1617 ||| DROPPING +0 scale mail.
  1618 | D:3      | 1618 ||| READING 2 scrolls labelled HEVVOD QOTE.
  1619 | D:3      | 1619 ||| READING scroll labelled TYN TIRREUPOI.
  1620 | D:3      | 1620 ||| READING scroll labelled WONOCY ORUF.
  1894 | D:3      | Reached XP level 4. HP: 28/28 MP: 4/4
  1895 | D:3      | 1895 ||| Stepping ~*~*~tactically~*~*~ (stealth).
  1952 | D:3      | 1952 ||| Stepping ~*~*~tactically~*~*~ (stealth).
  2041 | D:3      | Noticed a black bear
  2053 | D:3      | Killed a black bear
  2054 | D:3      | Reached skill level 4 in Axes
  2054 | D:3      | Reached XP level 5. HP: 14/32 MP: 5/5
  2187 | D:3      | Reached skill level 5 in Axes
  2409 | D:3      | 2409 ||| READING scroll labelled BAYRHO OPHEU.
  2409 | D:3      | Identified a scroll of acquirement
  2409 | D:3      | 2409 ||| ACQUIRING +4 morningstar of protection
  2409 | D:3      | Acquired a +4 morningstar of protection
  2411 | D:3      | 2411 ||| DROPPING +0 mace.
  2412 | D:3      | 2412 ||| READING scroll labelled TOAZAOLOIS.
  2416 | D:3      | 2416 ||| READING 2 scrolls of identify.
  2416 | D:3      | 2416 ||| IDENTIFYING smoky yellow potion
  2417 | D:3      | 2417 ||| DROPPING potion of degeneration.
  2440 | D:4      | 2440 ||| PLANNING SEWER
  2441 | D:4      | 2441 ||| STAIRDANCE
  2447 | D:4      | Noticed Grinder
  2448 | D:4      | 2448 ||| Stepping ~*~*~tactically~*~*~ (hiding).
  2449 | D:4      | Paralysed by Grinder for 2 turns
  2458 | D:4      | Paralysed by Grinder for 4 turns
  2469 | D:4      | Killed Grinder
  2470 | D:4      | Reached XP level 6. HP: 22/40 MP: 6/6
  2637 | D:4      | Reached XP level 7. HP: 44/44 MP: 7/7
  2944 | D:4      | Found a glowing drain.
  2945 | D:4      | 2945 ||| DROPPING ring of wizardry.
  2946 | D:4      | 2946 ||| READING scroll labelled KAMAAR BUOGOZO.
  2947 | D:4      | 2947 ||| READING 2 scrolls of identify.
  2947 | D:4      | 2947 ||| IDENTIFYING metallic puce potion
  2948 | D:4      | 2948 ||| DROPPING potion of berserk rage.
  2957 | Sewer    | Entered a sewer
  2975 | Sewer    | Reached skill level 6 in Axes
  3040 | Sewer    | Reached skill level 1 in Dodging
  3058 | Sewer    | 3058 ||| Stepping ~*~*~tactically~*~*~ (stealth).
  3094 | Sewer    | 3094 ||| READING scroll of enchant weapon.
  3094 | Sewer    | 3094 ||| ENCHANTING +1 war axe.
  3131 | Sewer    | 3131 ||| Stepping ~*~*~tactically~*~*~ (water).
  3235 | Sewer    | Reached skill level 7 in Axes
  3279 | Sewer    | 3279 ||| DRINKING 2 fizzy black potions.
  3280 | Sewer    | 3280 ||| DRINKING 3 glowing green potions.
  3284 | D:4      | 3284 ||| PLANNING D:1-11
  3364 | D:5      | Entered Level 5 of the Dungeon
  3372 | D:5      | Reached XP level 8. HP: 49/50 MP: 8/8
  3697 | D:5      | 3697 ||| Stepping ~*~*~tactically~*~*~ (stealth).
  3727 | D:5      | 3727 ||| Stepping ~*~*~tactically~*~*~ (stealth).
  3738 | D:5      | Reached skill level 8 in Axes
  3860 | D:5      | Reached skill level 6 in Fighting
  3877 | D:5      | HP: 10/51 [gnoll/+0 spear[a gnoll bouda] (5)]
  3878 | D:5      | 3878 ||| READING 3 scrolls of teleportation.
  3879 | D:5      | 3879 ||| DRINKING 2 potions of heal wounds.
  4030 | D:5      | 4030 ||| Stepping ~*~*~tactically~*~*~ (stealth).
  4116 | D:5      | 4116 ||| READING scroll labelled WISTROO MEITE.
  4117 | D:5      | 4117 ||| READING 3 scrolls labelled DUEDGH ZIMMUARERCH.
  4118 | D:5      | 4118 ||| DRINKING 2 fizzy brown potions.
  4119 | D:5      | 4119 ||| DRINKING 2 viscous cyan potions.
  4120 | D:5      | 4120 ||| READING 3 scrolls of identify.
  4120 | D:5      | 4120 ||| IDENTIFYING orange potion
  4121 | D:5      | 4121 ||| READING 2 scrolls of identify.
  4121 | D:5      | 4121 ||| IDENTIFYING red potion
  4122 | D:5      | 4122 ||| DROPPING potion of invisibility.
  4123 | D:5      | 4123 ||| DROPPING potion of flight.
  4124 | D:5      | 4124 ||| DROPPING 2 scrolls of noise.
  4155 | D:6      | Found a staircase to the Ecumenical Temple.
  4156 | D:6      | 4156 ||| PLANNING TEMPLE
  4165 | Temple   | Entered the Ecumenical Temple
  4185 | Temple   | 4185 ||| PLANNING OKAWARU WORSHIP
  4857 | Temple   | Became a worshipper of Warmaster Okawaru
  4858 | Temple   | 4858 ||| PLANNING D:1-11
  4956 | D:6      | Reached skill level 1 in Throwing
  4977 | D:6      | Noticed Eustachio
  5014 | D:6      | Killed Eustachio
  5015 | D:6      | Reached skill level 9 in Axes
  5312 | D:6      | Reached XP level 9. HP: 55/55 MP: 9/9
  5365 | D:6      | Reached * piety under Okawaru
  5568 | D:6      | 5568 ||| Stepping ~*~*~tactically~*~*~ (hiding).
  5691 | D:6      | 5691 ||| Stepping ~*~*~tactically~*~*~ (stealth).
  5692 | D:6      | 5692 ||| Stepping ~*~*~tactically~*~*~ (stealth).
  5693 | D:6      | 5693 ||| Stepping ~*~*~tactically~*~*~ (stealth).
  5947 | D:6      | Reached skill level 1 in Invocations
  6001 | D:6      | 6001 ||| DROPPING orb of mayhem.
  6036 | D:7      | 6036 ||| INVOKING Heroism.
  6037 | D:7      | 6037 ||| STAIRDANCE
  6057 | D:7      | 6057 ||| INVOKING Heroism.
  6060 | D:7      | 6060 ||| STAIRDANCE
  6085 | D:7      | 6085 ||| STAIRDANCE
  6119 | D:7      | 6119 ||| INVOKING Heroism.
  6190 | D:7      | Found a glowing silver altar of Zin.
  6192 | D:7      | 6192 ||| READING 5 scrolls of teleportation.
  6193 | D:7      | 6193 ||| FLEEEEING.
  6194 | D:7      | 6194 ||| FLEEEEING.
  6195 | D:7      | 6195 ||| FLEEEEING.
  6196 | D:7      | 6196 ||| FLEEEEING.
  6197 | D:7      | 6197 ||| INVOKING Heroism.
  6201 | D:7      | Reached skill level 3 in Invocations
  6212 | D:7      | 6212 ||| Stepping ~*~*~tactically~*~*~ (stealth).
  6216 | D:7      | 6216 ||| Stepping ~*~*~tactically~*~*~ (hiding).
  6219 | D:7      | 6219 ||| INVOKING Heroism.
  6237 | D:7      | 6237 ||| INVOKING Heroism.
  6268 | D:7      | 6268 ||| Stepping ~*~*~tactically~*~*~ (stealth).
  6341 | D:7      | Reached ** piety under Okawaru
  6348 | D:7      | 6348 ||| INVOKING Heroism.
  6352 | D:7      | Reached skill level 10 in Axes
  6556 | D:7      | Found a hazy altar of Hepliaklqana.
  6727 | D:7      | 6727 ||| READING scroll labelled RIANITREIRR.
  6830 | D:8      | Reached XP level 10. HP: 64/64 MP: 13/13
  6841 | D:8      | 6841 ||| INVOKING Heroism.
  6896 | D:8      | Found Erukk's Distillery.
  6902 | D:8      | Noticed Joseph
  6905 | D:8      | 6905 ||| INVOKING Heroism.
  6914 | D:8      | Killed Joseph
  6930 | D:8      | 6930 ||| BUYING potion of cancellation (80 gold).
  6930 | D:8      | Bought a potion of cancellation for 80 gold pieces
  6930 | D:8      | 6930 ||| BUYING potion of curing (30 gold).
  6930 | D:8      | Bought a potion of curing for 30 gold pieces
  6930 | D:8      | 6930 ||| BUYING potion of curing (30 gold).
  6930 | D:8      | Bought a potion of curing for 30 gold pieces
  6930 | D:8      | 6930 ||| BUYING potion of curing (30 gold).
  6930 | D:8      | Bought a potion of curing for 30 gold pieces
  6930 | D:8      | 6930 ||| BUYING potion of heal wounds (50 gold).
  6930 | D:8      | Bought a potion of heal wounds for 50 gold pieces
  6930 | D:8      | 6930 ||| BUYING potion of magic (80 gold).
  6930 | D:8      | Bought a potion of magic for 80 gold pieces
  6947 | D:8      | Found a shimmering altar of Xom.
  7116 | D:8      | 7116 ||| Stepping ~*~*~tactically~*~*~ (hiding).
  7117 | D:8      | 7117 ||| Stepping ~*~*~tactically~*~*~ (hiding).
  7242 | D:8      | 7242 ||| INVOKING Heroism.
  7323 | D:8      | 7323 ||| INVOKING Heroism.
  7333 | D:8      | 7333 ||| Stepping ~*~*~tactically~*~*~ (cloud).
  7355 | D:8      | Noticed Prince Ribbit
  7396 | D:8      | Killed Prince Ribbit
  7488 | D:8      | Noticed Psyche
  7489 | D:8      | 7489 ||| INVOKING Heroism.
  7498 | D:8      | Killed Psyche
  7978 | D:8      | 7978 ||| READING scroll labelled CUONAI LOANIOHU.
  8159 | D:9      | Noticed Maggie
  8160 | D:9      | 8160 ||| Stepping ~*~*~tactically~*~*~ (hiding).
  8163 | D:9      | 8163 ||| Stepping ~*~*~tactically~*~*~ (hiding).
  8178 | D:9      | 8178 ||| INVOKING Heroism.
  8184 | D:9      | Killed Maggie
  8185 | D:9      | Reached skill level 11 in Axes
  8211 | D:9      | 8211 ||| Stepping ~*~*~tactically~*~*~ (hiding).
  8222 | D:9      | 8222 ||| Stepping ~*~*~tactically~*~*~ (hiding).
  8223 | D:9      | 8223 ||| SWAPPING to +0 broad axe of flaming.
  8237 | D:9      | 8237 ||| Stepping ~*~*~tactically~*~*~ (hiding).
  8248 | D:9      | 8248 ||| DROPPING +4 morningstar of protection.
  8249 | D:9      | 8249 ||| DROPPING +2 war axe.
  8265 | D:9      | 8265 ||| INVOKING Heroism.
  8320 | D:9      | 8320 ||| Stepping ~*~*~tactically~*~*~ (stealth).
  8323 | D:9      | 8323 ||| Stepping ~*~*~tactically~*~*~ (stealth).
  8338 | D:9      | 8338 ||| INVOKING Heroism.
  8340 | D:9      | 8340 ||| Stepping ~*~*~tactically~*~*~ (stealth).
  8356 | D:9      | Reached *** piety under Okawaru
  8361 | D:9      | 8361 ||| Stepping ~*~*~tactically~*~*~ (stealth).
  8362 | D:9      | 8362 ||| Stepping ~*~*~tactically~*~*~ (stealth).
  8366 | D:9      | 8366 ||| INVOKING Heroism.
  8788 | D:9      | 8788 ||| INVOKING Heroism.
  8817 | D:9      | 8817 ||| INVOKING Heroism.
  8831 | D:9      | Reached skill level 9 in Fighting
  9051 | D:9      | 9051 ||| UPGRADING to +0 pair of boots.
  9056 | D:9      | 9056 ||| READING 2 scrolls of enchant armour.
  9056 | D:9      | 9056 ||| ENCHANTING +0 pair of boots.
  9057 | D:9      | 9057 ||| READING scroll of enchant armour.
  9057 | D:9      | 9057 ||| ENCHANTING +1 pair of boots.
  9058 | D:9      | 9058 ||| READING scroll labelled OSASHE BAMI.
  9094 | D:10     | Entered Level 10 of the Dungeon
  9094 | D:10     | Found Qebbefet's General Store.
  9097 | D:10     | 9097 ||| BUYING potion of curing (39 gold).
  9097 | D:10     | Bought a potion of curing for 39 gold pieces
  9097 | D:10     | 9097 ||| BUYING potion of resistance (130 gold).
  9097 | D:10     | Bought a potion of resistance for 130 gold pieces
  9245 | D:10     | 9245 ||| INVOKING Heroism.
  9249 | D:10     | Found a flagged portal.
  9286 | D:10     | 9286 ||| INVOKING Heroism.
  9412 | D:10     | Found a staircase to the Orcish Mines.
  9473 | D:10     | 9473 ||| INVOKING Heroism.
  9480 | D:10     | Reached skill level 6 in Armour
  9480 | D:10     | Reached XP level 11. HP: 34/71 MP: 11/14
  9480 | D:10     | HP: 15/71 [hornet (11)]
  9481 | D:10     | 9481 ||| READING 8 scrolls of teleportation.
  9482 | D:10     | 9482 ||| DRINKING 4 potions of heal wounds.
  9644 | D:10     | 9644 ||| INVOKING Heroism.
  9919 | D:11     | 9919 ||| INVOKING Heroism.
  9926 | D:11     | Noticed a manticore
  9927 | D:11     | Noticed a sun demon
  9927 | D:11     | 9927 ||| Stepping ~*~*~tactically~*~*~ (stealth).
  9928 | D:11     | 9928 ||| Stepping ~*~*~tactically~*~*~ (stealth).
  9929 | D:11     | 9929 ||| Stepping ~*~*~tactically~*~*~ (stealth).
  9937 | D:11     | Killed a manticore
  9940 | D:11     | Noticed a soul eater
  9941 | D:11     | Noticed a sun demon
  9946 | D:11     | Noticed a sun demon
  9950 | D:11     | 9950 ||| INVOKING Heroism.
  9959 | D:11     | Noticed a sun demon
  9960 | D:11     | Reached skill level 12 in Axes
 10006 | D:11     | Noticed a two-headed ogre
 10007 | D:11     | 10007 ||| INVOKING Heroism.
 10014 | D:11     | Killed a two-headed ogre
 10014 | D:11     | Reached **** piety under Okawaru
 10014 | D:11     | Received a gift from Okawaru
 10015 | D:11     | Reached skill level 6 in Shields
 10249 | D:11     | Noticed a two-headed ogre
 10250 | D:11     | 10250 ||| INVOKING Heroism.
 10257 | D:11     | Killed a two-headed ogre
 10401 | D:11     | 10401 ||| INVOKING Heroism.
 10495 | D:11     | Noticed a death yak
 10496 | D:11     | 10496 ||| INVOKING Heroism.
 10503 | D:11     | Killed a death yak
 10533 | D:11     | Found a staircase to the Lair.
 10535 | D:11     | Noticed a death yak
 10536 | D:11     | 10536 ||| INVOKING Heroism.
 10536 | D:11     | Noticed a cyclops
 10536 | D:11     | Noticed a death yak
 10548 | D:11     | Killed a death yak
 10549 | D:11     | Reached skill level 6 in Invocations
 10554 | D:11     | Killed a death yak
 10554 | D:11     | Killed a cyclops
 10554 | D:11     | Reached ***** piety under Okawaru
 10641 | D:11     | Noticed a white ugly thing
 10641 | D:11     | Noticed a cyclops
 10641 | D:11     | Noticed a tengu warrior
 10641 | D:11     | Noticed a tengu warrior
 10642 | D:11     | 10642 ||| Stepping ~*~*~tactically~*~*~ (hiding).
 10645 | D:11     | 10645 ||| INVOKING Heroism.
 10650 | D:11     | Killed a white ugly thing
 10650 | D:11     | Received a gift from Okawaru
 10651 | D:11     | Reached skill level 3 in Throwing
 10657 | D:11     | Killed a cyclops
 10658 | D:11     | Reached XP level 12. HP: 55/77 MP: 15/17
 10658 | D:11     | Killed a tengu warrior
 10669 | D:11     | HP: 18/77 [tengu warrior/+0 glaive (4)]
 10670 | D:11     | 10670 ||| READING 7 scrolls of teleportation.
 10671 | D:11     | 10671 ||| DRINKING 3 potions of heal wounds.
 10778 | D:11     | 10778 ||| Stepping ~*~*~tactically~*~*~ (stealth).
 10791 | D:11     | Killed a tengu warrior
 10814 | D:11     | Noticed a fire giant
 10815 | D:11     | 10815 ||| INVOKING Heroism.
 10816 | D:11     | 10816 ||| INVOKING Finesse.
 10825 | D:11     | Killed a fire giant
 10879 | D:11     | Identified the +7 arbalest of Indomitability {elec, rF+
                  | SInv}
 10882 | D:11     | 10882 ||| PLANNING LAIR
 10913 | Lair:1   | Entered Level 1 of the Lair of Beasts
 10920 | Lair:1   | 10920 ||| INVOKING Heroism.
 10972 | Lair:1   | Noticed Urug
 10973 | Lair:1   | 10973 ||| INVOKING Heroism.
 10974 | Lair:1   | 10974 ||| INVOKING Finesse.
 10995 | Lair:1   | Killed Urug
 11013 | Lair:1   | Reached skill level 9 in Invocations
 11020 | Lair:1   | Noticed a five-headed hydra
 11028 | Lair:1   | Reached skill level 13 in Axes
 11034 | Lair:1   | Killed a one-headed hydra
 11323 | Lair:1   | 11323 ||| Stepping ~*~*~tactically~*~*~ (stealth).
 11326 | Lair:1   | 11326 ||| INVOKING Heroism.
 11327 | Lair:1   | 11327 ||| Stepping ~*~*~tactically~*~*~ (stealth).
 12005 | Lair:2   | 12005 ||| INVOKING Heroism.
 12010 | Lair:2   | Received a gift from Okawaru
 12183 | Lair:2   | 12183 ||| Stepping ~*~*~tactically~*~*~ (hiding).
 12296 | Lair:2   | Found a frozen archway.
 12403 | Lair:2   | Received a gift from Okawaru
 12859 | Lair:2   | Reached XP level 13. HP: 78/82 MP: 20/20
 12894 | Lair:2   | 12894 ||| DROPPING +0 ring mail of cold resistance.
 12895 | Lair:2   | 12895 ||| UPGRADING to +1 pair of gloves.
 12900 | Lair:2   | 12900 ||| UPGRADING to +0 plate armour.
 12910 | Lair:2   | 12910 ||| DROPPING +0 chain mail.
 12911 | Lair:2   | 12911 ||| UPGRADING to scarf of repulsion.
 12916 | Lair:2   | 12916 ||| READING 3 scrolls of enchant armour.
 12916 | Lair:2   | 12916 ||| ENCHANTING +1 pair of gloves.
 12917 | Lair:2   | 12917 ||| READING 2 scrolls of enchant armour.
 12917 | Lair:2   | 12917 ||| ENCHANTING +0 plate armour.
 12918 | Lair:2   | 12918 ||| READING scroll of enchant armour.
 12918 | Lair:2   | 12918 ||| ENCHANTING +1 plate armour.
 12941 | Lair:3   | Found a staircase to the Snake Pit.
 12942 | Lair:3   | 12942 ||| INVOKING Heroism.
 13147 | Lair:3   | Noticed Nessos
 13148 | Lair:3   | 13148 ||| INVOKING Finesse.
 13149 | Lair:3   | 13149 ||| Stepping ~*~*~tactically~*~*~ (hiding).
 13158 | Lair:3   | 13158 ||| INVOKING Heroism.
 13164 | Lair:3   | 13164 ||| Stepping ~*~*~tactically~*~*~ (hiding).
 13165 | Lair:3   | 13165 ||| Stepping ~*~*~tactically~*~*~ (hiding).
 13174 | Lair:3   | Killed Nessos
 13225 | Lair:3   | 13225 ||| INVOKING Heroism.
 13506 | Lair:3   | Found a staircase to the Shoals.
 13915 | Lair:3   | 13915 ||| DROPPING ring of flight.
 13990 | Lair:4   | You fall into a shaft and drop 1 floor!
 13990 | Lair:5   | Entered Level 5 of the Lair of Beasts
 13992 | Lair:5   | 13992 ||| INVOKING Heroism.
 14001 | Lair:5   | Reached skill level 9 in Armour
 14041 | Lair:5   | 14041 ||| READING 11 scrolls of identify.
 14041 | Lair:5   | 14041 ||| IDENTIFYING metallic white potion
 14087 | Lair:4   | 14087 ||| Stepping ~*~*~tactically~*~*~ (stealth).
 14096 | Lair:4   | 14096 ||| INVOKING Heroism.
 14136 | Lair:4   | 14136 ||| Stepping ~*~*~tactically~*~*~ (hiding).
 14138 | Lair:4   | 14138 ||| Stepping ~*~*~tactically~*~*~ (hiding).
 14145 | Lair:4   | 14145 ||| INVOKING Heroism.
 14152 | Lair:4   | Reached skill level 14 in Axes
 14186 | Lair:4   | 14186 ||| INVOKING Heroism.
 14264 | Lair:4   | 14264 ||| INVOKING Heroism.
 14427 | Lair:4   | 14427 ||| INVOKING Heroism.
 14428 | Lair:4   | 14428 ||| INVOKING Finesse.
 14647 | Lair:4   | 14647 ||| UPGRADING to +0 helmet.
 14652 | Lair:4   | 14652 ||| READING 11 scrolls of identify.
 14652 | Lair:4   | 14652 ||| IDENTIFYING pink potion
 14657 | Lair:5   | 14657 ||| INVOKING Heroism.
 14658 | Lair:5   | 14658 ||| STAIRDANCE
 14694 | Lair:5   | 14694 ||| INVOKING Heroism.
 14798 | Lair:5   | 14798 ||| INVOKING Heroism.
 14816 | Lair:5   | Found a runed translucent door.
 14824 | Lair:5   | Found a staircase to the Slime Pits.
 14845 | Lair:5   | 14845 ||| INVOKING Heroism.
 14902 | Lair:5   | 14902 ||| INVOKING Heroism.
 15003 | Lair:5   | 15003 ||| INVOKING Heroism.
 15085 | Lair:5   | 15085 ||| INVOKING Heroism.
 15106 | Lair:5   | Received a gift from Okawaru
 15197 | Lair:5   | 15197 ||| INVOKING Heroism.
 15215 | Lair:5   | HP: 12/84 [lindwurm/blast of flame (19)]
 15216 | Lair:5   | 15216 ||| READING 7 scrolls of teleportation.
 15217 | Lair:5   | 15217 ||| DRINKING 5 potions of heal wounds.
 15376 | Lair:5   | 15376 ||| INVOKING Heroism.
 15427 | Lair:5   | HP: 17/84 [lindwurm/blast of flame (9)]
 15428 | Lair:5   | 15428 ||| READING 6 scrolls of teleportation.
 15429 | Lair:5   | 15429 ||| DRINKING 4 potions of heal wounds.
 15430 | Lair:5   | 15430 ||| INVOKING Heroism.
 15481 | Lair:5   | 15481 ||| Stepping ~*~*~tactically~*~*~ (stealth).
 15492 | Lair:5   | Reached skill level 15 in Axes
 15492 | Lair:5   | Gained mutation: Your large and strong wings let you fly.
                  | [Gargoyle growth]
 15492 | Lair:5   | Reached XP level 14. HP: 79/90 MP: 21/21
 15514 | Lair:5   | 15514 ||| INVOKING Heroism.
 15515 | Lair:5   | 15515 ||| INVOKING Finesse.
 15559 | Lair:5   | 15559 ||| DRINKING potion of cancellation.
 15589 | Lair:5   | Gained mutation: You are frail. (-10% HP) [a neqoxec]
 15620 | Lair:5   | 15620 ||| READING 5 scrolls of teleportation.
 15622 | Lair:5   | HP: 9/81 [sun demon[an obsidian statue] (19)]
 15622 | Lair:5   | Mangled by a sun demon

Levels and vault maps discovered:
D:1:      erik_arrival_cave_to_civilisation [erik_arrival_cave_to_hall],
          layout_basic
D:2:      layout_basic, kennysheep_donut, minmay_misc_feat_rugged,
          uniq_crazy_yiuf_cottage
D:3:      layout_loops_cross
D:4:      layout_rooms, portal_sewer_entry_d, chequers_serial_rivers_marsh,
          uniq_grinder
D:5:      layout_loops_cross
D:6:      layout_layer_cave, temple_statues, skrybe_limestone_x, uniq_eustachio
D:7:      layout_cave_pools, nicolae_hepliaklqana_monster_ancestors,
          mainiacjoe_overflow_brackets, hangedman_abyss_or_decor_passed,
          minmay_bent
D:8:      kennysheep_spiral_hall, layout_loops_corners, xom_butterflies,
          serial_undead, serial_undead_c, serial_undead_f, serial_undead_d,
          serial_undead_b, serial_shops, shop, uniq_prince_ribbit1, uniq_joseph,
          uniq_psyche
D:9:      layout_cave_pools, serial_bayou, serial_bayou_pond_a,
          serial_bayou_pond_d, serial_bayou_lake_a, serial_bayou_lagoon_a,
          serial_bayou_pond_e, serial_bayou_pond_c, uniq_maggie
D:10:     layout_long_grid, hiddenorc1_lemuel, enter_bailey_3, serial_shops,
          shop
D:11:     minmay_shrinking_squares, layout_basic, dpeg_lair_monsters,
          nrook_mini_backslash
Temple:   compressed_dpeg_triangle_lava_temple
Lair:1:   layout_loops_ring, serial_bayou_shore_a, uniq_urug
Lair:2:   layout_hall_layers, portal_ice_cave_entry_pillars_2
Lair:3:   layout_regular_city, elwin_shoals_entry_rooms,
          minmay_snake_entry_guardpost_small, uniq_nessos
Lair:4:   layout_big_grid
Lair:5:   due_jungle_book, layout_gridlike, slime_entry_2,
          nicolae_volcano_entry_vermiform

Skill      XL: |  1  2  3  4  5  6  7  8  9 10 11 12 13 |
---------------+----------------------------------------+-----
Axes           | 2 3 4 5 7 9 10 11 12 13 15 | 15.0
Fighting       | 5 6 7 9 10 11 | 11.0
Dodging        | 1 2 |  2.1
Throwing       | 1 3 4 |  4.0
Shields        | 4 5 6 7 |  7.2
Armour         | 4 6 7 10 | 10.0
Invocations    | 4 7 10 | 10.0

Action                   |  1- 3 |  4- 6 |  7- 9 | 10-12 | 13-15 || total
-------------------------+-------+-------+-------+-------+-------++-------
Melee: War axe           |   105 |    82 |   399 |    88 |       ||   674
       Broad axe         |       |       |       |   500 |   348 ||   848
Throw: Boomerang         |       |       |    28 |    79 |     3 ||   110
       Javelin           |       |       |       |    35 |    53 ||    88
Invok: Heroism           |       |       |     7 |    28 |    20 ||    55
       Finesse           |       |       |       |     2 |     3 ||     5
  Use: Scroll            |     6 |     3 |    10 |     6 |     8 ||    33
       Potion            |       |       |     5 |     2 |     3 ||    10
Armor: Scale mail        |    39 |       |       |       |       ||    39
       Chain mail        |    15 |    54 |   340 |   282 |       ||   691
       Skin              |       |       |       |     4 |       ||     4
       Plate armour      |       |       |       |       |   198 ||   198
Dodge: Dodged            |    36 |    25 |   150 |   176 |   107 ||   494
       Repelled          |       |       |       |       |     5 ||     5
Block: Buckler           |    19 |     6 |   107 |   116 |   100 ||   348

Table legend:
 A = Non-vault XP
 B = Vault XP
 C = Vault XP percentage of total XP
 D = Non-vault monster count
 E = Vault monster count
 F = Vault count percentage of total count
                 A         B        C        D         E       F
            +---------+---------+-------+---------+---------+-------
      Total |   39586 |   15096 |  27.6 |     287 |     120 |  29.5
            +---------+---------+-------+---------+---------+-------
        D:1 |      28 |       3 |   9.7 |      15 |       2 |  11.8
        D:2 |      28 |       0 |   0.0 |      15 |       0 |   0.0
        D:3 |     174 |       0 |   0.0 |      18 |       0 |   0.0
        D:4 |     251 |     285 |  53.2 |      17 |       2 |  10.5
        D:5 |     810 |       0 |   0.0 |      23 |       0 |   0.0
        D:6 |     769 |     197 |  20.4 |      14 |       1 |   6.7
        D:7 |    1047 |     600 |  36.4 |      18 |       9 |  33.3
        D:8 |     371 |    1649 |  81.6 |       5 |      16 |  76.2
        D:9 |    1480 |     385 |  20.6 |      30 |       1 |   3.2
       D:10 |    1157 |     190 |  14.1 |      10 |      21 |  67.7
       D:11 |    5010 |    6790 |  57.5 |      18 |      10 |  35.7
     Lair:1 |    5756 |     784 |  12.0 |      24 |       1 |   4.0
     Lair:2 |    4108 |       0 |   0.0 |      15 |       0 |   0.0
     Lair:3 |     786 |    2125 |  73.0 |       2 |       6 |  75.0
     Lair:4 |    6520 |       0 |   0.0 |      25 |       0 |   0.0
     Lair:5 |   11291 |    1678 |  12.9 |      38 |       3 |   7.3
      Sewer |       0 |     410 | 100.0 |       0 |      48 | 100.0
            +---------+---------+-------+---------+---------+-------
